 Dungeon Crawl Stone Soup version 0.28.0-53-g5a82cb258f (webtiles) character file.

Game seed: 16740318211857520147

92 cbfl8 the Chopper (level 4, -4/40 HPs)
             Began as a Hill Orc Fighter on Sept 12, 2022.
             Slain by a sky beast (6 damage)
             ... on level 4 of the Dungeon.
             The game lasted 00:02:52 (2601 turns).

cbfl8 the Chopper (Hill Orc Fighter)                Turns: 2601, Time: 00:02:53

Health: -4/40      AC: 15    Str: 18    XL:     4   Next: 60%
Magic:  4/4        EV:  4    Int:  8    God:
Gold:   219        SH:  8    Dex: 12    Spells: 3/3 levels left

rFire   . . .      SeeInvis .   a - +0 war axe
rCold   . . .      Faith    .   l - +0 kite shield
rNeg    . . .      Spirit   .   c - +0 plate armour
rPois   .          Reflect  .   (no helmet)
rElec   .          Harm     .   (no cloak)
rCorr   +          Rampage  .   (no gloves)
Will    .....                   (no boots)
Stlth   ..........              (no amulet)
HPRegen 0.13/turn               j - ring of resist corrosion
MPRegen 0.09/turn               m - +4 ring of protection

@: mighty
A: no striking features
a: no special abilities


You were on level 4 of the Dungeon.
You visited 1 branch of the dungeon, and saw 4 of its levels.

You collected 219 gold pieces.

Inventory:

Hand Weapons
 a - a +0 war axe (weapon)
 o - a +1 hand axe of venom
Armour
 c - a +0 plate armour (worn)
 l - a +0 kite shield (worn)
Jewellery
 j - a ring of resist corrosion (left hand)
 m - a +4 ring of protection (right hand)
Scrolls
 i - a scroll of enchant armour
 k - a scroll of silence {unknown}
 p - 2 scrolls of immolation
 q - a scroll of vulnerability {unknown}
Potions
 b - 4 potions of curing {unknown}
 d - a potion of might
 e - 2 potions of magic {unknown}
 h - a potion of haste {unknown}
 n - a potion of flight {unknown}


   Skills:
 * Level 4.1 Fighting
 * Level 4.5 Axes
 + Level 3.6 Armour
 * Level 0.7 Dodging
 + Level 3.6 Shields
 * Level 1.0 Evocations


You had 3 spell levels left.
You didn't know any spells.
Your spell library was empty.

Dungeon Overview and Level Annotations

Branches:
Dungeon (4/15)
 Temple: D:4-7

Altars:
Elyvilon


Message History

A sky beast is nearby!
A sky beast is nearby!
You see here a +0 hand axe.
Things that are here:
a +0 hand axe; a +0 leather armour; a +0 robe You see here a +0 hand axe.
Things that are here:
a +0 hand axe; a +0 leather armour; a +0 robe
Okay, then.
You see here a +0 hand axe.
Sorry, you're not good enough to have a special ability.
You feel very mighty all of a sudden.
The sky beast flickers out of sight!
Deactivating autopickup; reactivate with Ctrl-A.
Something hits you. Something shocks you.
You closely miss something. You block something's attack. Something hits you.
Something shocks you.
You miss something. Something hits you. Something shocks you.
* * * LOW HITPOINT WARNING * * *
You slash something!
A sky beast appears from thin air!
Reactivating autopickup.
You block the sky beast's attack.
You closely miss the sky beast.
The sky beast is heavily wounded.
The sky beast hits you but does no damage.
The sky beast flickers out of sight!
Deactivating autopickup; reactivate with Ctrl-A.
Something hits you but does no damage.
You closely miss something. Something hits you but does no damage.
You miss something. Something hits you but does no damage. Something hits you.
* * * LOW HITPOINT WARNING * * *
Something shocks you.
* * * LOW HITPOINT WARNING * * *
You miss something. Something hits you but does no damage.
You barely miss something. Something completely misses you.
Something hits you but does no damage.
You closely miss something. Something hits you.
* * * LOW HITPOINT WARNING * * *
Something shocks you.
You die...

########## #######
#........# ##......
#........# ##.......
#..@.....# #........
#..{.....# #..(.<...
#........# #.......)
#......†.###........
#.........).........
#...))).............
######)...#.........
#.#............
#.#..#........>


There were no monsters in sight!

Vanquished Creatures
  3 adders
  A worm (D:2)
  9 orcs
  4 ball pythons
  4 endoplasms
  2 giant cockroaches
  2 goblins
  8 hobgoblins
  A quokka (D:2)
  4 bats
  2 frilled lizards
  6 kobolds
  3 rats (D:2)
49 creatures vanquished.

Vanquished Creatures (others)
  A demonic plant (D:3)
  5 fungi (D:3)
  A plant (D:3)
  3 toadstools (D:3)
  2 withered plants (D:3)
12 creatures vanquished.

Grand Total: 61 creatures vanquished

Notes
Turn   | Place    | Note
-------+----------+-------------------------------------------
     0 | D:1      | cbfl8 the Hill Orc Fighter began the quest for the Orb.
     0 | D:1      | Reached XP level 1. HP: 19/19 MP: 1/1
   253 | D:1      | Reached XP level 2. HP: 27/27 MP: 2/2
  1086 | D:2      | Reached XP level 3. HP: 31/33 MP: 3/3
  1631 | D:3      | Found a faded altar of an unknown god.
  1654 | D:3      | Reached XP level 4. HP: 33/40 MP: 4/4
  2418 | D:3      | Found a white marble altar of Elyvilon.
  2490 | D:4      | Noticed a sky beast
  2544 | D:4      | Reached skill level 1 in Evocations
  2601 | D:4      | HP: 2/40 [something (2)]
  2601 | D:4      | Slain by a sky beast

Illustrated notes

Levels and vault maps discovered:
D:1:      minmay_arrival_doors, layout_basic, serial_forest,
          infiniplex_forest_clump_diagonal, infiniplex_forest_end_double,
          infiniplex_forest_clump_double, infiniplex_forest_corner_1,
          infiniplex_forest_clump_diagonal
D:2:      layout_loops_ring
D:3:      layout_basic, mainiacjoe_overflow_alcove_1,
          shapermc_ecumenical_altar_gd, minmay_gold_behind_fungi,
          chequers_avenue, minmay_crystal_room
D:4:      layout_rooms, amcnicky_mini_pool_small

Skill      XL: |  1  2  3  4 |
---------------+-------------+-----
Fighting       | 4 |  4.1
Axes           | 3 4 |  4.5
Evocations     | 1 |  1.0
Armour         | |  3.6
Dodging        | |  0.7
Shields        | |  3.6

Action                   |  1- 3 |  4- 6 || total
-------------------------+-------+-------++-------
Melee: War axe           |   110 |    41 ||   151
  Use: Scroll            |     1 |     1 ||     2
       Potion            |       |     1 ||     1
Armor: Scale mail        |    24 |       ||    24
       Plate armour      |    45 |    24 ||    69
Dodge: Dodged            |    30 |     4 ||    34
Block: Buckler           |     7 |       ||     7
       Kite shield       |    42 |    17 ||    59
